Map: Complesso Moebius XX-1

Players

sbrus

  • Race: Protoss Protoss

toto

  • Race: Terran Terran

evobus

  • Race: Protoss Protoss

nctom

  • Race: Terran Terran

Baal - Winner!

  • Race: Protoss Protoss

Jhyrachy - Winner!

  • Race: Zerg Zerg
  • League: Silver

Anıl - Winner!

  • Race: Protoss Protoss

StevieWonder - Winner!

  • Race: Terran Terran

VOD

Have the link to the VOD?

Description

Time

  • Played on: March 28, 2016, 2 p.m.
  • Length: 17:15
Show
View Real Time Build Order
Export as new Build Order

sbrus Protoss 

Build Orders: Forge Fast Expand (FFE) 

Get SALT Encoding   

  12  0:03  Probe (Chrono Boost)  
  13  0:13  Probe (Chrono Boost)  
  14  0:24  Probe (Chrono Boost)  
  15  0:32  Pylon  
  15  0:50  Probe (Chrono Boost)  
  15  0:56  Forge  
  16  1:01  Probe (Chrono Boost)  
  17  1:05  Pylon  
  17  1:29  Nexus  
  17  1:42  Probe (Chrono Boost)  
  17  1:45  Gateway  
  18  1:53  Probe (Chrono Boost)  
  19  1:54  Photon Cannon  
  19  2:03  Probe (Chrono Boost)  
  20  2:20  Photon Cannon  
  20  2:23  Gateway  
  20  2:37  Cybernetics Core  
  20  2:39  Gateway  
  20  2:49  Assimilator  
  20  2:54  Assimilator, Probe x2 (Chrono Boost)  
  22  3:04  Probe x2 (Chrono Boost), Zealot  
  26  3:25  Probe x2 (Chrono Boost)  
  28  3:31  Warp Gate (Chrono Boost)  
  28  3:33  Zealot x2  
  32  3:36  Probe x2 (Chrono Boost), Zealot  
  36  3:56  Pylon  
  36  3:59  Pylon  
  36  4:03  Robotics Facility  
  36  4:08  Stalker  
  38  4:13  Stalker  
  40  4:20  Stalker  
  42  4:27  Assimilator  
  42  4:30  Assimilator  
  42  4:36  Pylon  
  42  4:46  Stalker x2  
  46  4:56  Immortal  
  50  5:35  Stalker x2  
  52  5:36  Stalker  
  57  5:50  Observer  
  57  5:53  Protoss Ground Weapons Level 1  
  57  6:09  Nexus  
  57  6:13  Assimilator  
  57  6:15  Assimilator  
  57  6:18  Pylon  
  57  6:22  Pylon  
  47  6:35  Twilight Council  
  47  6:38  Stalker  
  47  6:39  Stalker  
  51  6:59  Stalker  
  53  7:03  Mothership Core  
  47  7:40  Probe  
  48  7:50  Probe  
  48  7:53  Dark Shrine  
  48  7:55  Gateway x2  
  48  7:58  Gateway  
  49  8:01  Probe, Pylon  
  50  8:11  Probe  
  45  8:31  Warp Prism  
  45  9:06  Dark Templar  
  45  9:07  Dark Templar x4  
  39  9:50  Nexus  
  38  10:23  Dark Templar x3  
  19  11:30  Probe  
  5  11:41  Probe  
  6  11:49  Assimilator  
  6  11:51  Probe  
  6  11:54  Assimilator  
  7  11:57  Pylon  
  7  12:00  Pylon  
  7  12:02  Probe  
  8  12:22  Probe  
Show
View Real Time Build Order
Export as new Build Order

toto Terran 

Build Orders: MMM Bio 

Get SALT Encoding   

  12  0:56  Command Center  
  12  1:08  SCV  
  13  1:13  Refinery  
  13  1:17  Refinery  
  13  1:20  SCV  
  14  1:32  SCV  
  15  1:48  Supply Depot  
  15  1:59  Supply Depot  
  15  2:04  Supply Depot  
  15  2:07  SCV  
  16  2:19  SCV  
  17  2:26  Barracks  
  17  2:31  SCV  
  18  2:39  SCV  
  19  2:51  SCV  
  20  2:59  Barracks  
  20  3:03  SCV  
  21  3:16  SCV  
  21  3:19  Barracks  
  22  3:24  Barracks Tech Lab  
  22  3:28  SCV  
  22  3:33  SCV  
  24  3:40  SCV  
  25  3:45  SCV  
  26  3:49  Barracks  
  26  3:52  Barracks Reactor, SCV  
  26  3:53  Supply Depot  
  27  4:04  SCV  
  27  4:08  Combat Shields  
  28  4:12  Barracks  
  28  4:14  Barracks Reactor  
  28  4:16  SCV  
  29  4:19  Supply Depot  
  29  4:21  SCV  
  30  4:28  SCV  
  31  4:32  Marine x3  
  31  4:33  SCV  
  35  4:40  SCV  
  35  4:41  Barracks Reactor  
  36  4:50  Marine x3  
  36  4:51  Marine x2  
  41  5:07  Marine  
  41  5:08  Marine  
  41  5:09  Factory  
  41  5:10  Barracks Reactor  
  41  5:11  Marine x3  
  46  5:21  Marine x2  
  46  5:25  Marine  
  46  5:26  Marine  
  50  5:29  Marine x3  
  50  5:33  Stimpack  
  53  5:39  Marine x2  
  55  5:43  Marine x2  
  55  5:46  Marine  
  55  5:47  Marine x4  
  62  5:54  Supply Depot  
  62  5:56  Marine  
  62  5:57  Marine  
  62  6:01  Marine x2  
  66  6:04  Marine x3  
  66  6:05  Marine  
  70  6:15  Marine x3  
  73  6:19  Marine x2  
  73  6:20  Supply Depot  
  73  6:22  Starport, Marine x3  
  78  6:42  Marine x2  
  80  6:48  Marine  
  80  6:49  Marine x5  
  86  7:19  Marine x2  
  86  7:20  Marine x3  
  86  7:21  Marine x4  
  73  7:37  Marine  
  73  7:38  Marine x3  
  73  7:39  Marine  
  78  7:57  Marine x8  
  86  8:02  Starport Reactor  
  86  8:19  Command Center  
  86  8:21  Refinery  
  86  8:25  Supply Depot  
  86  8:26  Supply Depot  
  86  8:27  Supply Depot x2  
  86  8:28  Marine x3  
  86  8:29  Marine x3  
  86  8:30  Marine x3  
  62  8:46  Marine  
  62  8:47  Refinery, Marine x2  
  58  8:50  Supply Depot  
  58  8:52  Supply Depot  
  58  8:54  Supply Depot x2  
  58  9:00  Medivac x2  
  62  9:03  Engineering Bay  
  62  9:05  Engineering Bay  
  62  9:10  Armory  
  62  9:17  Supply Depot  
  62  9:30  Medivac  
  64  9:45  Marine x9  
  73  10:02  Marine  
  73  10:03  Marine x8  
  82  10:07  Terran Infantry Armor Level 1  
  82  10:24  Orbital Command  
  82  10:34  Marine x9  
  91  10:51  Marine  
  91  10:52  Marine x3  
  50  11:21  Marine x9  
  59  11:38  Marine  
  59  11:39  Marine x8  
  68  11:45  Orbital Command  
  68  11:56  Marine  
  68  11:57  Marine x8  
  68  12:00  Medivac  
  68  12:01  Medivac  
  81  12:02  Terran Infantry Weapons Level 1  
  81  12:14  Marine  
  81  12:15  Marine x3  
  85  12:16  Marine x4  
  85  12:17  Marine  
  90  12:24  Terran Infantry Armor Level 2  
  90  12:30  Medivac  
  90  12:32  Marine x2, Medivac  
  96  12:39  Marine  
  96  12:40  Marine x5  
  102  13:00  Medivac  
  102  13:02  Marine x9  
  113  13:19  Marine  
  113  13:20  Marine  
  75  14:02  Marine  
  59  14:03  Marine x8  
  59  14:13  SCV  
  56  14:20  Marine x7  
  56  14:21  Marine x2  
  65  14:38  Marine x9  
  74  14:50  Terran Infantry Weapons Level 2  
  74  14:55  Marine  
  74  14:56  Marine x8  
  83  15:01  Medivac x2  
  87  15:13  Marine  
  87  15:14  Marine x8  
Show
View Real Time Build Order
Export as new Build Order

evobus Protoss 

Build Orders: Nexus First 

Get SALT Encoding   

  12  0:02  Probe (Chrono Boost)  
  13  0:13  Probe (Chrono Boost)  
  14  0:23  Probe (Chrono Boost)  
  15  0:31  Pylon  
  15  0:49  Probe (Chrono Boost)  
  16  1:00  Probe (Chrono Boost)  
  16  1:03  Nexus  
  17  1:13  Gateway  
  17  1:17  Probe (Chrono Boost)  
  18  1:27  Probe (Chrono Boost)  
  18  1:29  Pylon  
  19  1:38  Probe (Chrono Boost)  
  20  1:42  Assimilator  
  20  1:47  Assimilator  
  20  1:53  Probe (Chrono Boost)  
  21  1:56  Forge  
  21  2:04  Probe (Chrono Boost)  
  22  2:14  Probe (Chrono Boost)  
  23  2:18  Probe (Chrono Boost)  
  24  2:25  Probe (Chrono Boost)  
  24  2:28  Probe (Chrono Boost)  
  26  2:35  Probe (Chrono Boost)  
  27  2:39  Probe (Chrono Boost)  
  28  2:50  Probe (Chrono Boost)  
  29  2:53  Cybernetics Core  
  29  2:56  Photon Cannon x2  
  29  2:59  Photon Cannon  
  29  3:00  Probe (Chrono Boost)  
  29  3:04  Pylon  
  30  3:11  Probe (Chrono Boost)  
  31  3:21  Probe (Chrono Boost)  
  31  3:22  Assimilator  
  32  3:27  Assimilator  
  32  3:32  Probe (Chrono Boost)  
  33  3:35  Stargate  
  33  3:36  Probe (Chrono Boost)  
  34  3:42  Probe (Chrono Boost)  
  34  3:46  Probe (Chrono Boost)  
  36  3:53  Probe (Chrono Boost)  
  37  3:57  Probe (Chrono Boost)  
  37  3:59  Stargate  
  38  4:03  Probe (Chrono Boost)  
  38  4:06  Stargate  
  38  4:08  Protoss Air Weapons Level 1, Probe (Chrono Boost)  
  40  4:14  Probe (Chrono Boost)  
  41  4:18  Probe (Chrono Boost)  
  42  4:24  Probe (Chrono Boost)  
  42  4:29  Probe (Chrono Boost)  
  42  4:30  Pylon  
  44  4:33  Pylon  
  44  4:35  Probe (Chrono Boost)  
  45  4:39  Probe (Chrono Boost)  
  45  4:42  Void Ray (Chrono Boost)  
  51  4:45  Probe (Chrono Boost)  
  51  4:50  Probe (Chrono Boost)  
  56  4:53  Void Ray (Chrono Boost)  
  56  4:56  Probe (Chrono Boost)  
  57  5:00  Probe (Chrono Boost)  
  57  5:06  Void Ray (Chrono Boost)  
  62  5:23  Void Ray (Chrono Boost)  
  66  5:32  Void Ray (Chrono Boost)  
  70  5:56  Pylon  
  70  5:57  Pylon  
  70  5:58  Pylon  
  70  5:59  Pylon  
  70  6:04  Pylon  
  70  6:15  Void Ray x2 (Chrono Boost)  
  82  6:21  Void Ray (Chrono Boost)  
  79  6:58  Void Ray (Chrono Boost)  
  71  9:13  Void Ray x2 (Chrono Boost)  
Show
View Real Time Build Order
Export as new Build Order

nctom Terran 

Build Orders: Command Center First (CC) 

Get SALT Encoding   

  12  0:05  SCV  
  13  0:17  SCV  
  14  0:30  SCV  
  15  0:51  Command Center  
  15  1:04  Supply Depot  
  15  1:10  Refinery  
  15  1:14  Refinery  
  15  1:26  SCV  
  15  1:31  Barracks  
  16  1:38  SCV  
  17  2:00  Barracks  
  17  2:04  Barracks  
  17  2:07  SCV  
  18  2:13  SCV  
  19  2:20  SCV  
  20  2:26  Marine  
  21  2:32  SCV  
  22  2:43  Marine  
  24  2:44  SCV  
  24  2:47  Marine  
  25  2:51  Marine  
  26  3:00  SCV  
  26  3:03  Supply Depot, SCV  
  28  3:08  Marine  
  28  3:11  Marine  
  30  3:14  Marine  
  31  3:22  SCV  
  31  3:24  SCV  
  31  3:25  Marine  
  34  3:29  Marine  
  35  3:34  SCV  
  35  3:36  SCV  
  35  3:39  Marine  
  38  3:43  Marine  
  38  3:46  Marine  
  40  3:52  Factory  
  40  3:55  SCV  
  41  3:58  SCV  
  42  4:08  Supply Depot  
  42  4:12  Marine  
  42  4:13  Marine  
  42  4:14  Marine  
  45  4:30  Supply Depot  
  45  4:31  SCV  
  46  4:32  SCV  
  46  4:36  Marine x2  
  49  4:49  Factory Tech Lab, Barracks Tech Lab  
  49  4:56  Orbital Command, Starport  
  49  4:58  SCV  
  50  5:05  Engineering Bay  
  50  5:10  SCV  
  50  5:11  Combat Shields  
  51  5:23  SCV  
  51  5:24  Barracks Reactor  
  51  5:27  Barracks Reactor  
  52  5:29  Siege Tank  
  52  5:33  Starport  
  52  5:34  Starport Reactor  
  52  5:35  SCV  
  56  5:41  Supply Depot  
  56  5:47  SCV  
  56  5:48  Terran Infantry Weapons Level 1  
  57  5:59  SCV  
  57  6:03  Marine  
  57  6:04  Marine x4, Supply Depot  
  60  6:11  SCV, Starport Tech Lab  
  64  6:21  Refinery, Marine x2  
  64  6:22  Marine x3  
  64  6:23  SCV  
  64  6:25  Refinery  
  70  6:29  Supply Depot  
  70  6:35  SCV  
  70  6:39  Marine x3  
  73  6:40  Marine x2  
  76  6:47  SCV  
  77  6:57  Marine x4  
  77  6:58  Marine, Supply Depot  
  77  6:59  SCV  
  83  7:15  Marine x5  
  88  7:32  Marine  
  88  7:33  Marine  
  75  8:34  Siege Tank  
  75  8:47  Terran Infantry Armor Level 1  
  75  8:50  Banshee  
  78  8:56  Viking x2  
  82  9:06  Siege Tank  
  76  9:26  Viking x2  
  76  9:30  Marine x4  
  76  9:31  Marine  
  85  9:33  Banshee  
  85  9:38  Siege Tank  
  91  9:39  Planetary Fortress  
  91  9:46  Missile Turret  
  91  9:47  Missile Turret x3  
  91  9:48  Marine x4  
  91  9:49  Missile Turret, Marine  
  90  9:56  Viking x2  
  90  9:58  Armory  
  93  10:05  Supply Depot  
  93  10:06  Marine x5  
  98  10:07  Missile Turret x2  
  98  10:08  Missile Turret, Supply Depot  
  98  10:10  Siege Tank  
  98  10:11  Supply Depot  
  100  10:16  Banshee  
  103  10:23  Marine  
  103  10:24  Marine x4  
  103  10:26  Viking  
  110  10:42  Siege Tank, Marine  
  114  10:58  Banshee  
  117  11:08  Missile Turret  
  114  11:31  Missile Turret  
  100  11:41  Banshee  
  103  11:48  Marine x5  
  103  11:54  Missile Turret  
  83  12:05  Marine  
  83  12:06  Marine x4  
  81  12:11  Viking  
  81  12:12  Viking  
  85  12:17  Terran Vehicle And Ship Armor Level 1  
  85  12:23  Marine x2  
  85  12:24  Banshee, Marine x3  
  93  12:41  Marine x3, Cloaking Field, Viking  
  93  12:42  Marine, Viking  
  101  13:07  Banshee, Terran Infantry Weapons Level 2  
  101  13:11  Viking  
  101  13:12  Viking  
  108  13:13  Command Center  
  108  13:16  Widow Mine  
  110  13:25  Marine x3  
  110  13:26  Marine x2  
  115  13:41  Viking x2  
  115  13:43  Marine x4  
  115  13:44  Widow Mine, Marine  
  126  13:56  Factory  
  126  14:01  Marine x4  
  126  14:02  Marine  
  131  14:13  Widow Mine  
  133  14:19  Marine x5  
  138  14:35  Viking x2  
  138  14:37  Marine  
  143  14:39  Terran Ship Weapons Level 1  
  143  14:41  Widow Mine  
  141  15:05  Viking x2  
  116  15:10  Widow Mine  
  110  15:28  Viking  
  110  15:35  Viking x2  
  110  15:58  Viking  
  112  16:05  Viking  
Show
View Real Time Build Order
Export as new Build Order

Baal Protoss - Winner!

Build Orders:  

Get SALT Encoding   

  12  0:02  Probe (Chrono Boost)  
  13  0:13  Probe (Chrono Boost)  
  14  0:21  Pylon  
  14  0:23  Probe (Chrono Boost)  
  15  0:32  Assimilator  
  15  0:38  Assimilator  
  15  0:39  Probe (Chrono Boost)  
  16  0:49  Probe (Chrono Boost)  
  17  1:00  Probe (Chrono Boost)  
  18  1:10  Probe (Chrono Boost)  
  19  1:21  Probe (Chrono Boost)  
  20  1:39  Probe (Chrono Boost)  
  21  1:40  Nexus  
  21  1:49  Probe (Chrono Boost)  
  22  2:00  Probe (Chrono Boost)  
  23  2:10  Pylon  
  23  2:29  Probe (Chrono Boost)  
  24  2:31  Nexus  
  24  2:42  Pylon  
  24  2:49  Pylon  
  24  2:53  Pylon  
  24  2:55  Probe (Chrono Boost)  
  25  3:10  Forge  
  25  3:11  Probe (Chrono Boost)  
  26  3:15  Probe (Chrono Boost)  
  27  3:21  Probe (Chrono Boost)  
  27  3:25  Assimilator  
  27  3:27  Assimilator, Probe (Chrono Boost)  
  29  3:38  Probe (Chrono Boost)  
  29  3:39  Pylon  
  30  3:42  Probe (Chrono Boost)  
  31  3:50  Probe (Chrono Boost)  
  31  3:53  Probe (Chrono Boost)  
  33  3:57  Photon Cannon  
  33  3:58  Photon Cannon  
  33  4:09  Probe (Chrono Boost), Pylon  
  34  4:13  Probe (Chrono Boost)  
  35  4:19  Probe (Chrono Boost)  
  35  4:21  Assimilator  
  35  4:22  Probe (Chrono Boost)  
  38  4:24  Probe (Chrono Boost)  
  38  4:33  Probe (Chrono Boost)  
  38  4:35  Probe (Chrono Boost)  
  40  4:44  Photon Cannon  
  40  4:45  Probe (Chrono Boost), Photon Cannon  
  41  4:48  Photon Cannon  
  41  4:56  Assimilator, Probe x2 (Chrono Boost)  
  41  4:59  Probe (Chrono Boost)  
  44  5:07  Probe (Chrono Boost)  
  45  5:10  Probe (Chrono Boost)  
  46  5:17  Probe (Chrono Boost)  
  46  5:20  Probe (Chrono Boost)  
  48  5:23  Gateway  
  48  5:27  Pylon  
  48  5:28  Probe (Chrono Boost)  
  49  5:30  Pylon  
  49  5:33  Pylon  
  49  5:34  Probe (Chrono Boost)  
  50  5:38  Probe (Chrono Boost)  
  51  5:45  Probe (Chrono Boost)  
  51  5:48  Photon Cannon  
  51  5:49  Probe (Chrono Boost)  
  53  5:51  Photon Cannon  
  53  5:57  Probe (Chrono Boost)  
  53  6:00  Probe (Chrono Boost)  
  53  6:02  Pylon  
  55  6:08  Probe (Chrono Boost)  
  55  6:10  Probe (Chrono Boost)  
  57  6:14  Pylon  
  57  6:15  Cybernetics Core  
  57  6:17  Cybernetics Core, Probe (Chrono Boost)  
  58  6:21  Probe  
Show
View Real Time Build Order
Export as new Build Order

Jhyrachy Zerg - Winner!

Build Orders: 3 Hatch before Pool, Lurkers 

Get SALT Encoding   

  12  0:02  Drone  
  13  0:12  Drone  
  14  0:17  Overlord  
  14  0:35  Drone  
  14  0:36  Drone x2  
  17  0:56  Hatchery  
  16  0:58  Drone  
  16  1:04  Extractor, Drone  
  17  1:20  Drone  
  18  1:35  Hatchery  
  17  1:45  Spawning Pool  
  16  2:01  Drone x3  
  19  2:13  Drone x2  
  19  2:14  Extractor  
  20  2:24  Drone, Overlord  
  21  2:33  Queen  
  21  2:36  Queen  
  24  3:00  Drone x4  
  24  3:05  Queen  
  30  3:11  Drone  
  31  3:14  Drone x2  
  31  3:15  Drone  
  34  3:23  Lair  
  34  3:59  Drone  
  34  4:01  Drone x5  
  34  4:02  Drone x2  
  42  4:22  Overlord x3  
  42  4:39  Queen  
  42  4:43  Extractor  
  42  4:45  Extractor  
  42  4:48  Extractor  
  42  4:50  Drone x3  
  42  4:51  Extractor, Drone x3  
  46  4:53  Drone  
  46  4:54  Drone x2  
  46  4:56  Drone  
  46  4:57  Drone x2  
  46  4:58  Drone x3  
  55  5:00  Drone  
  55  5:01  Drone x2  
  58  5:13  Evolution Chamber  
  57  5:17  Evolution Chamber  
  57  5:19  Hydralisk Den  
  55  5:33  Overlord x2  
  55  5:34  Overlord x2  
  55  5:38  Drone x5  
  55  5:40  Drone  
  55  5:41  Drone x5  
  66  5:49  Lurker Den  
  66  5:51  Zerg Ground Armor Level 1, Zerg Missile Weapons Level 1  
  66  5:55  Drone  
  66  5:56  Drone x4  
  71  6:15  Overlord  
  71  6:16  Overlord x4  
  71  6:27  Hydralisk x3  
  71  6:28  Hydralisk x4  
  85  6:42  Hydralisk  
  85  6:43  Hydralisk x5  
  85  6:44  Hydralisk  
  99  6:58  Hydralisk x2  
  99  6:59  Hydralisk x4  
  111  7:12  Hydralisk  
  111  7:13  Hydralisk x4  
  121  7:28  Overlord x4  
  121  7:34  Lurker x3  
  121  7:36  Lurker  
  117  8:33  Overseer x2, Hydralisk Den  
  83  9:26  Lurker Den  
  83  9:34  Hydralisk x9  
  83  9:35  Hydralisk x15  
  131  9:41  Overlord  
  124  10:53  Hydralisk x17  
  124  10:54  Zerg Missile Weapons Level 2  
  124  10:58  Lurker x8  
  124  10:59  Lurker x3  
  124  11:02  Lurker x2  
  124  11:03  Lurker x15  
  135  11:20  Spore Crawler  
  99  11:44  Spine Crawler  
  99  11:49  Lurker  
  100  11:56  Pneumatized Carapace  
  100  12:42  Queen  
  102  12:45  Hatchery  
  102  12:49  Hatchery, Extractor  
  99  12:51  Extractor  
  99  12:52  Hydralisk  
  99  12:53  Hydralisk  
  99  12:54  Overlord x4  
  99  12:57  Muscular Augments  
  102  13:09  Zerg Ground Armor Level 2  
  102  13:47  Queen  
  104  13:53  Hydralisk x3  
  104  13:54  Hydralisk x22  
  104  13:55  Hydralisk x15  
  184  14:12  Queen  
  186  14:47  Infestation Pit  
  186  14:50  Evolution Chamber  
  181  16:01  Extractor  
Show
View Real Time Build Order
Export as new Build Order

Anıl Protoss - Winner!

Build Orders:  

Get SALT Encoding   

  12  0:34  Probe (Chrono Boost)  
  13  0:44  Probe (Chrono Boost)  
  14  0:54  Pylon  
  14  0:55  Probe (Chrono Boost)  
  15  1:10  Assimilator  
  15  1:12  Probe (Chrono Boost)  
  15  1:14  Forge  
  16  1:19  Gateway  
  16  1:23  Probe (Chrono Boost)  
  17  1:36  Pylon  
  17  1:38  Probe (Chrono Boost)  
  18  1:43  Assimilator  
  18  1:48  Probe (Chrono Boost)  
  19  1:58  Photon Cannon  
  19  1:59  Probe (Chrono Boost)  
  20  2:09  Probe (Chrono Boost)  
  21  2:16  Pylon  
  21  2:20  Probe (Chrono Boost), Pylon  
  22  2:30  Probe (Chrono Boost)  
  23  2:38  Photon Cannon  
  23  2:59  Photon Cannon  
  23  3:03  Photon Cannon  
  23  3:21  Pylon  
  23  3:32  Pylon  
  23  3:59  Cybernetics Core  
  23  4:00  Cybernetics Core  
  23  4:10  Pylon  
  23  4:21  Nexus  
  23  4:36  Pylon  
  23  4:40  Pylon  
  23  4:59  Photon Cannon  
  23  5:01  Photon Cannon  
  23  5:03  Photon Cannon  
  23  5:18  Pylon  
  23  5:52  Assimilator  
  23  5:53  Probe (Chrono Boost)  
  23  5:54  Assimilator  
  24  6:03  Probe x2 (Chrono Boost)  
  26  6:05  Protoss Air Weapons Level 1 (Chrono Boost)  
  26  6:08  Protoss Shields Level 1  
  26  6:13  Probe  
  26  6:14  Probe  
  28  6:23  Protoss Air Armor Level 1 (Chrono Boost)  
  28  6:26  Probe  
  28  6:27  Probe  
  30  6:36  Stargate  
  30  6:38  Probe  
  30  6:39  Probe  
  32  6:41  Stargate  
  32  6:44  Stargate  
  32  6:48  Probe  
  32  6:51  Probe  
  34  7:03  Stargate  
  34  7:04  Stargate  
  34  7:09  Stargate  
  33  7:39  Void Ray x3  
  33  7:43  Pylon  
  45  8:00  Void Ray  
  45  8:01  Void Ray x2  
  57  8:36  Probe  
  57  8:40  Void Ray x2  
  66  8:48  Probe  
  66  9:29  Void Ray x4  
  82  9:47  Mothership Core  
  84  10:19  Fleet Beacon  
  84  10:24  Void Ray  
  84  10:25  Void Ray x5  
  108  10:31  Twilight Council  
  108  10:32  Pylon x2  
  108  10:35  Pylon x2  
  108  10:48  Photon Cannon  
  108  10:50  Photon Cannon  
  107  11:06  Graviton Catapult  
  107  11:08  Protoss Air Armor Level 2, Protoss Air Weapons Level 2  
  98  11:26  Photon Cannon  
  96  11:50  Nexus  
  96  12:14  Pylon  
  96  12:15  Pylon  
  101  13:38  Nexus  
  97  14:22  Probe  
  97  14:23  Assimilator  
  98  14:26  Assimilator  
  98  14:32  Probe  
  99  14:43  Probe  
  100  14:53  Probe  
  100  14:54  Pylon  
  100  14:55  Protoss Shields Level 2 (Chrono Boost)  
  100  14:56  Pylon  
  100  14:58  Pylon  
  101  15:02  Pylon  
  101  15:04  Probe  
  101  15:05  Pylon  
  94  15:14  Probe  
  83  15:25  Probe  
  76  15:47  Robotics Facility  
  76  15:51  Probe  
  77  16:00  Probe  
  77  16:02  Probe  
  79  16:12  Probe  
  80  16:25  Mothership Core  
  75  16:38  Observer  
  76  16:46  Nexus  
Show
View Real Time Build Order
Export as new Build Order

StevieWonder Terran - Winner!

Build Orders: MMM Bio 

Get SALT Encoding   

  12  0:02  SCV  
  13  0:14  SCV  
  13  0:20  Supply Depot  
  14  0:27  SCV  
  15  0:42  SCV  
  16  0:44  Refinery  
  16  0:46  Barracks  
  16  0:54  SCV  
  17  1:10  SCV  
  18  1:23  SCV  
  19  1:35  SCV  
  20  1:49  Command Center, Barracks Reactor  
  20  1:54  Orbital Command  
  20  2:02  Barracks  
  20  2:21  SCV  
  21  2:25  Supply Depot  
  21  2:28  Marine  
  22  2:30  Factory  
  22  2:32  Marine  
  23  2:47  Marine, SCV  
  23  2:51  Barracks Tech Lab  
  25  2:56  Supply Depot  
  25  2:57  Refinery, Marine  
  26  2:59  SCV  
  26  3:03  Orbital Command  
  27  3:06  Marine  
  27  3:09  Marine  
  29  3:19  Engineering Bay  
  29  3:20  Factory Reactor  
  29  3:21  Marine  
  29  3:23  SCV  
  29  3:26  Marine  
  32  3:30  Marine  
  33  3:34  Stimpack  
  33  3:39  Marine  
  34  3:44  Marine  
  34  3:45  SCV  
  34  3:46  SCV  
  34  3:48  Marine  
  37  3:51  Missile Turret  
  38  3:57  Marine, SCV  
  38  4:00  SCV  
  38  4:01  Marine  
  42  4:05  Missile Turret  
  42  4:15  Marine  
  42  4:16  Starport, SCV  
  44  4:18  Factory Reactor, SCV  
  44  4:23  Supply Depot  
  45  4:27  Terran Infantry Weapons Level 1  
  45  4:30  SCV x2  
  47  4:35  Marine  
  48  4:42  Supply Depot  
  48  4:44  Marine  
  48  4:45  Marine  
  50  4:47  Supply Depot  
  50  4:49  SCV x2  
  52  4:55  Medivac  
  54  5:01  SCV  
  54  5:02  SCV  
  54  5:06  Refinery  
  56  5:07  Marine  
  56  5:09  Medivac  
  56  5:13  SCV  
  60  5:16  Marine x2  
  60  5:19  Barracks  
  62  5:25  Factory Reactor, Marine, Medivac  
  65  5:29  SCV, Engineering Bay  
  65  5:30  SCV  
  65  5:34  Marine  
  68  5:41  SCV  
  69  5:42  Medivac  
  69  5:43  Marine x2, SCV  
  74  5:51  Marine  
  74  5:53  Refinery, SCV  
  74  5:55  SCV  
  74  5:56  Combat Shields  
  77  6:05  Marine  
  78  6:21  Terran Infantry Armor Level 1  
  78  6:48  Marine x5, SCV x2, Medivac x2  
  78  6:50  Supply Depot  
  89  7:00  SCV x2  
  91  7:05  Marine x5  
  91  7:12  SCV x2  
  87  7:24  Marine x3  
  87  7:25  Marine x2  
  86  7:42  Marine x5  
  91  7:52  Missile Turret  
  91  7:54  Missile Turret  
  91  7:59  Armory  
  91  8:00  Marine x5  
  91  8:04  Barracks  
  94  8:17  Marine  
  94  8:18  Marine x4  
  99  8:35  Marine  
  99  8:36  Marine x4  
  102  9:01  Marine x3  
  102  9:02  Marine x2  
  82  9:18  Marine  
  82  9:19  Marine x2  
  82  9:21  Marine  
  82  9:22  Marine  
  73  9:36  Marine  
  73  9:37  Marine x2  
  73  9:39  Marine  
  73  9:40  Marine  
  75  9:54  Marine  
  75  9:55  Missile Turret, Marine x2  
  75  9:56  Missile Turret  
  75  9:57  Marine x2  
  75  9:58  Missile Turret, Marine x2  
  82  10:00  Missile Turret, Terran Infantry Armor Level 2  
  82  10:08  Barracks  
  82  10:10  Barracks  
  82  10:11  Barracks  
  82  10:12  Marine x3  
  85  10:15  Marine x3  
  85  10:16  Marine  
  85  10:18  Medivac  
  85  10:19  Medivac  
  91  10:30  Marine x3  
  91  10:32  Marine  
  91  10:33  Marine x2  
  91  10:34  Marine  
  87  10:52  Marine  
  87  10:58  Marine  
  87  11:06  Marine  
  87  11:07  Marine  
  69  11:28  Marine  
  69  11:29  Marine x4  
  74  12:12  Missile Turret  
  74  12:16  Terran Infantry Weapons Level 2  
  74  12:31  Marine x2  
  76  12:42  Command Center  
  76  13:21  SCV  
  77  13:33  SCV  
  60  13:45  SCV  
  61  13:57  SCV  
  62  14:04  Orbital Command  
  62  14:09  SCV  
  63  14:12  Terran Infantry Armor Level 3  
  63  14:29  Barracks Reactor x2  
  63  14:30  Medivac x2  
  67  14:52  Marine x6  
  72  14:55  Command Center  
  73  15:00  Medivac  
  75  15:16  SCV  
  75  15:17  Marine x4  
  75  15:18  Marine  
  81  15:28  SCV  
  82  15:40  SCV  
  83  15:59  Marine  
  83  16:00  Marine x10  
  94  16:17  Marine  
Tags
 
Add a new tag
Caveats
  • Supply blocks, unpowered buildings, or Contaminate may cause inaccurate times.
  • Supply counts are checked every 10 seconds.